 Dungeon Crawl Stone Soup version 0.30-a0-652-gcc886f7154 (webtiles) character file.

Game seed: 10295919194520832080

608 rigao the Cudgeller (level 7, -2/44 HPs)
             Began as a Gargoyle Delver on Jan 17, 2023.
             Was a Follower of Okawaru.
             Slain by a black bear (8 damage)
             ... on level 5 of the Dungeon.
             The game lasted 00:11:24 (4786 turns).

rigao the Cudgeller (Gargoyle Delver)               Turns: 4786, Time: 00:11:25

Health: -2/44      AC: 12    Str: 17    XL:     7   Next: 43%
Magic:  8/8        EV: 10    Int: 11    God:    Okawaru [*.....]
Gold:   435        SH:  0    Dex: 11    Spells: 6/6 levels left

rFire   . . .      SeeInvis .    a - +0 mace
rCold   . . .      Faith    .    (no shield)
rNeg    + . .      Spirit   .    h - +0 scale mail
rPois   ∞          Reflect  .    f - +0 hat
rElec   +          Harm     .    (no cloak)
rCorr   .          Rampage  .    (no gloves)
Will    .....                    (no boots)
Stlth   +                        (no amulet)
HPRegen 0.27/turn                (no ring)
MPRegen 0.11/turn                (no ring)

@: about to teleport, studying Armour
A: sickness immunity, AC +4, negative energy resistance 1, electricity
resistance, torment resistance 1, petrification resistance
a: Renounce Religion, Heroism


You were on level 5 of the Dungeon.
You worshipped Okawaru.
Okawaru was aware of your devotion.
You visited 2 branches of the dungeon, and saw 6 of its levels.

You collected 435 gold pieces.

Inventory:

Hand Weapons
 a - a +0 mace (weapon)
Armour
 f - a +0 hat (worn)
 h - a +0 scale mail (worn)
Wands
 g - a wand of digging (3)
Scrolls
 b - a scroll of noise {unknown}
 c - a scroll of fog
 d - 2 scrolls of enchant weapon
 k - a scroll of blinking
 o - 2 scrolls of teleportation
 r - a scroll of poison {unknown}
Potions
 e - a potion of invisibility {unknown}
 l - a potion of attraction {unknown}
 m - 2 potions of curing
 n - a potion of magic {unknown}
 q - a potion of degeneration {unknown}


   Skills:
 - Level 4.5 Fighting
 - Level 5.7 Maces & Flails
 + Level 4.9 Armour
 - Level 1.5 Dodging
 - Level 5.4 Stealth
 - Level 2.6 Invocations


You had 6 spell levels left.
You didn't know any spells.
Your spell library contained the following spells:

 Spells                   Type           Power      Damage    Failure   Level
 Frozen Ramparts          Ice            0%         1d1       97%         3
 Vhi's Electric Charge    Tloc/Air       0%         N/A       97%         3
 Ice Form                 Ice/Tmut       0%         N/A       100%        4
 Arcjolt                  Conj/Air       0%         1d10      100%        5
 Fireball                 Conj/Fire      0%         3d3       100%        5
 Iskenderun's Battlesphe  Conj           0%         2d6       100%        5
 Conjure Ball Lightning   Conj/Air       0%         3x3d6     100%        6
 Orb of Destruction       Conj           0%         9d5       100%        7
 Maxwell's Capacitive Co  Air            0%         ∞         100%        8
 Summon Ice Beast         Ice/Summ       Unusable   N/A       N/A         4

Dungeon Overview and Level Annotations

Branches:
Dungeon (5/15)             Temple (1/1) D:5

Altars:
Dithmenos
Elyvilon
Gozag
Hepliaklqana
Kikubaaqudgha
Makhleb
Nemelex Xobeh
Okawaru
Qazlal
Ru
Sif Muna
Trog
Uskayaw
Vehumet
Xom
Yredelemnul
Zin
The Shining One


Innate Abilities, Weirdness & Mutations

You are immune to sickness and miasma.
Your stone body is resilient. (AC +4)
You are immune to poison.
You resist negative energy. (rN+)
You are resistant to electric shocks. (rElec)
You are resistant to unholy torment.
You are immune to petrification.


Message History

You thump the black bear!
The black bear is almost dead.
The black bear bites you! The black bear misses you.
The black bear barely misses you. The black bear bites you.
The black bear claws you but does no damage.
The black bear closely misses you.
You are too injured to fight recklessly!
You are too injured to fight recklessly!
You hit the black bear but do no damage.
The black bear is almost dead.
The black bear bites you but does no damage.
The black bear barely misses you.
The black bear claws you but does no damage.
The black bear barely misses you.
The black bear claws you but does no damage.
The black bear claws you.
* * * LOW HITPOINT WARNING * * *
You hit the black bear but do no damage.
The black bear is almost dead.
The black bear closely misses you. The black bear claws you.
* * * LOW HITPOINT WARNING * * *
The black bear claws you.
* * * LOW HITPOINT WARNING * * *
The black bear bites you.
* * * LOW HITPOINT WARNING * * *
The black bear claws you but does no damage.
The black bear barely misses you.
Okay, then.
Unknown command.
Blink to where?
Press: ? - help, Dir - move target
As you read the scroll of blinking, it crumbles to dust.
Okay, then.
Unknown command.
As you read the scroll of teleportation, it crumbles to dust.
You feel strangely unstable.
The black bear rages.
The black bear attacks as you move away!
The black bear bites you!
You die...

..........................>......
####..........####..#.#.....#####
.....########.# #..#.#...#####
####..........# #..#.#..##...
)############## #.....)###.##
......)...# ##.##.#†##...#
####.####)## #..........# #.#
#..######h#.....#.## #.#
##.##...@.#...##..# #.#
#.##..[####.##...# ## #.#
#.##...###.##....## .# #.#
#..#...##..###.>..#... .# #.#
##.....##..###.....# .#
#.....##...#...##...# .#
##....##......## #..# ##
##.#####.o..^..# #.#
#.>.......#.......#..#


You could see a black bear (berserk).

Vanquished Creatures
  2 necrophages
  6 orc priests
  2 hounds (D:5)
  An iguana (D:5)
  2 orc wizards (D:4)
  A gnoll (D:2)
  8 adders
  A worm (D:2)
  13 orcs
  11 endoplasms
  5 giant cockroaches
  4 hobgoblins
  5 jackals
  6 quokkas
  7 ball pythons
  4 bats (D:1)
  3 frilled lizards
  7 goblins
  6 kobolds
  8 rats
102 creatures vanquished.

Notes
Turn   | Place    | Note
-------+----------+-------------------------------------------
     0 | D:5      | rigao the Gargoyle Delver began the quest for the Orb.
     0 | D:5      | Reached XP level 1. HP: 14/14 MP: 1/1
     5 | D:5      | Found a staircase to the Ecumenical Temple.
    11 | D:5      | Noticed an orc wizard
    14 | Temple   | Entered the Ecumenical Temple
    21 | Temple   | Became a worshipper of Warmaster Okawaru
    40 | D:5      | Noticed an iguana
    61 | D:5      | Reached XP level 2. HP: 13/19 MP: 2/2
   131 | D:5      | Reached XP level 3. HP: 11/23 MP: 3/3
   243 | D:5      | Reached XP level 4. HP: 28/28 MP: 4/4
   478 | D:4      | Reached skill level 5 in Maces & Flails
   478 | D:4      | Reached XP level 5. HP: 31/32 MP: 5/5
  1522 | D:1      | Reached skill level 1 in Invocations
  1551 | D:1      | Reached skill level 1 in Armour
  2421 | D:2      | Reached XP level 6. HP: 38/38 MP: 7/7
  3222 | D:3      | Found a basalt altar of Yredelemnul.
  4334 | D:4      | Reached * piety under Okawaru
  4335 | D:4      | Reached XP level 7. HP: 37/44 MP: 8/8
  4437 | D:4      | Found a hazy altar of Hepliaklqana.
  4454 | D:4      | Found a stormy altar of Qazlal.
  4454 | D:4      | Found a shimmering altar of Xom.
  4456 | D:4      | Found a hide-covered altar of Uskayaw.
  4456 | D:4      | Found a shimmering altar of Xom.
  4456 | D:4      | Found a basalt altar of Yredelemnul.
  4558 | D:5      | Identified a scroll of acquirement
  4558 | D:5      | Acquired a manual of Armour
  4786 | D:5      | Slain by a black bear

Illustrated notes

Levels and vault maps discovered:
D:1:      dpeg_arrival_long_road, layout_rooms, minmay_misc_feat_four_crosses
D:2:      layout_loops_ring, skrybe_limestone_x
D:3:      layout_basic, mainiacjoe_overflow_catwalk, serial_co_window_serial,
          co_window_paths_a, co_window_corner_a, co_window_paths_b,
          co_window_of_opportunity_a, co_window_paths_a, co_window_paths_b,
          co_window_corner_a, co_window_paths_c, co_window_corner_ca,
          co_window_cross_4, co_window_corner_cb, co_window_paths_e,
          glass_columns_a, glass_columns_a, glass_columns_a,
          minmay_misc_feat_hallway
D:4:      layout_basic, doesnt_xom_only_xom
D:5:      layout_basic, lemuel_doored_altar, marbit_many_paths,
          minmay_temple_entry_wispy
Temple:   hellmonk_temple_two_chambers

Skill      XL: |  1  2  3  4  5  6  7 |
---------------+----------------------+-----
Maces & Flails | 3 4 5 |  5.7
Invocations    | 1 2 |  2.6
Armour         | 1 2 4 |  4.9
Fighting       | 4 |  4.5
Dodging        | |  1.5
Stealth        | |  5.4

Action                   |  1- 3 |  4- 6 |  7- 9 || total
-------------------------+-------+-------+-------++-------
Melee: Mace              |    33 |   363 |    78 ||   474
       Punch             |     2 |     4 |     1 ||     7
Invok: Heroism           |       |       |     1 ||     1
  Use: Potion            |       |     8 |       ||     8
       Scroll            |       |     7 |     5 ||    12
 Stab: Sleeping          |     1 |    17 |       ||    18
Armor: Leather armour    |    14 |   172 |     4 ||   190
       Scale mail        |       |       |    43 ||    43
Dodge: Dodged            |    19 |   197 |    54 ||   270

Table legend: (Time is in decaauts)
 A = Elapsed time spent in this place.
 B = Non-inter-level travel time spent in this place.
 C = Inter-level travel time spent in this place.
 D = Time resting spent in this place.
 E = Time spent auto-exploring this place.
 F = Levels seen in this place.
 G = Mean time per level.
                   A        B        C        D        E       F      G
               +--------+--------+--------+--------+--------+-----+--------+
         Total |   4836 |   4532 |    304 |    718 |   2289 |   6 |  806.0 |
       Dungeon |   4814 |   4510 |    304 |    718 |   2289 |   5 |  962.8 |
        Temple |     21 |     21 |      0 |      0 |      0 |   1 |   21.0 |
               +--------+--------+--------+--------+--------+-----+--------+

Top non-repeatable levels by time:
     D:4: 1636 daAuts
     D:3: 1155 daAuts
     D:2: 867 daAuts
     D:1: 613 daAuts
     D:5: 541 daAuts
  Temple: 21 daAuts
